[Event "Late-Titled-Tuesday-Blitz-September-12-2023"]
[Site "Chess.com"]
[Date "2023.09.12"]
[Round "1"]
[White "newyorkmouse"]
[Black "kuli4ik"]
[Result "0-1"]
[WhiteElo "2472"]
[BlackElo "2945"]
[TimeControl "180+1"]
[EndTime "14:08:48 PDT"]
[Termination "kuli4ik won by checkmate"]

1. Nf3 c6 2. g3 Nf6 3. Bg2 Qa5 4. O-O e5 5. e4 d6 6. d4 Be7 7. Re1 O-O 8. c4 Rd8 9. h3 Na6 10. b3 d5 11. exd5 e4 12. Nfd2 cxd5 13. cxd5 Bb4 14. a3 Bf5 15. Nc4 Bxe1 16. Nxa5 Bxa5 17. Bg5 Rxd5 18.
Bxf6 gxf6 19. b4 Bb6 20. Nc3 Rxd4 21. Qe2 Re8 22. Rd1 e3 23. fxe3 Rxe3 24. Qxe3 Rxd1+ 25. Nxd1 Bxe3+ 26. Nxe3 Bc8 27. Nd5 Kg7 28. Ne7 Bd7 29.
Bxb7 Nc7 30. Kg2 f5 31. Nc6 Bxc6+ 32. Bxc6 Kf6 33. a4 Ke5 34. Kf3 Ne6 35. Ke3 f4+ 36. gxf4+ Nxf4 37. Bd7 Nd5+ 38. Kd3 Nxb4+ 39. Kc4 Nd5 40.
Kb5 Nc3+ 41. Kb4 Ne4 42. Kb5 f5 43. Bc6 f4 44. Kc4 Nd6+ 45. Kd3 h6 46. Ke2 a5 47.
Kf3 Nf5 48. Ba8 Ne3 49. Bb7 Nc4 50. Bc6 Nb6 51. Bb5 Nd5 52. Bc6 Nf6 53. Bb5 Ne4 54. h4 Nc3 55. Be8 Nd5 56. h5 Nf6 57. Bg6 Nd5 58.
Be8 Kf5 59. Bd7+ Kg5 60. Be8 Nf6 61. Bf7 Nd7 62. Be8 Nc5 63. Bc6 Kxh5 64. Be8+ Kg5 65. Bc6 h5 66. Bd7 Nxd7 67. Kg2 Nb6 68. Kh3 Nxa4 69.
Kh2 Nc5 70. Kh3 a4 71. Kh2 Kg4 72. Kh1 a3 73. Kg2 a2 74. Kf2 a1=Q 75. Ke2 Qc3 76. Kd1 Qb2 77. Ke1 Kf3 78. Kd1 Ke3 79. Ke1 Qb1# 0-1

[Event "Late-Titled-Tuesday-Blitz-September-12-2023"]
[Site "Chess.com"]
[Date "2023.09.12"]
[Round "1"]
[White "leoduarte"]
[Black "KNVB"]
[Result "0-1"]
[WhiteElo "2423"]
[BlackElo "2778"]
[TimeControl "180+1"]
[EndTime "14:08:48 PDT"]
[Termination "KNVB won by checkmate"]

1. d4 e5 2. dxe5 Nc6 3. Nf3 Qe7 4. Bf4 Qb4+ 5. Bd2 Qxb2 6. Nc3 Bb4 7. Rb1 Qxc3 8. Bxc3 Bxc3+ 9. Nd2 Nxe5 10. e3 Nf6 11. Rb3 Ba5 12. Bd3 O-O 13. O-O d5 14. h3 Bb6 15. Nf3 Nxf3+ 16. Qxf3 Be6 17. Bf5 Rae8 18. a4 Bxf5 19. Qxf5 Re4 20. a5 Bxa5 21. Rxb7 Bb6 22. g4 h6 23. Rd1 Rfe8 24. Kg2 R4e5 25. Qf3 h5 26. gxh5 Rg5+ 27. Kh2 Rxh5 28. Rg1 Kf8 29. Qg3 g6 30. Rxc7 Bxc7 31. Qxc7 Rf5 32. Rg2 Re7 33. Qc8+ Re8 34. Qc5+ Re7 35. Kg1 Ne4 36. Qc8+ Re8 37. Qd7 a6 38. Qa7 Re6 39. Qa8+ Kg7 40. Qa7 Ref6 41.
f4 Re6 42. Re2 Ng3 43. Re1 Ne4 44. Qd4+ Kh7 45. Ra1 Re8 46. Rb1 Nf6 47. Rb7 Kg8 48. Qa7 Nh5 49. Qxa6 Rf6 50. Qa4 Rfe6 51. Rb3 Ng7 52.
Qd4 Nf5 53. Qxd5 Nxe3 54. Qf3 Nxc2 55. Rb1 Nd4 56. Qf2 Nf5 57. Rb2 Re1+ 58. Kg2 R1e4 59.
Rc2 Nd4 60. Ra2 Re2 61. Rxe2 Rxe2 62. Kg1 Rxf2 63. Kxf2 f5 64. Kg3 Kg7 65. Kh4 Kh6 66. Kg3 Kh5 67. h4 Ne6 68. Kh3 Nxf4+ 69. Kg3 Ne6 70.
Kf3 Kxh4 71. Kg2 g5 72. Kf2 g4 73. Kg1 Kg5 74. Kg2 f4 75. Kg1 f3 76. Kh2 Kf4 77.
Kg1 g3 78. Kh1 Ke3 79. Kg1 Ke2 80. Kh1 Nf4 81. Kg1 f2+ 82. Kh1 f1=R# 0-1

[Event "Late-Titled-Tuesday-Blitz-September-12-2023"]
[Site "Chess.com"]
[Date "2023.09.12"]
[Round "1"]
[White "GianmarcoVaR"]
[Black "ashookk"]
[Result "1/2-1/2"]
[WhiteElo "2650"]
[BlackElo "2359"]
[TimeControl "180+1"]
[EndTime "14:08:51 PDT"]
[Termination "Game drawn - insufficient material"]

1. e4 e6 2. d4 d5 3. Nd2 Be7 4. Ngf3 Nf6 5. Bd3 c5 6. e5 Nfd7 7. c3 Nc6 8. O-O a5 9. Bb5 cxd4 10. cxd4 Qb6 11. Qa4 Ndb8 12. Nb1 Bd7 13. Nc3 Na6 14. Be3 Nc7 15. Rac1 Nxb5 16. Qxb5 Qxb5 17. Nxb5 O-O 18. Bg5 h6 19. Bxe7 Nxe7 20. Nd6 Bc6 21. Rc5 Nc8 22. Nxc8 Rfxc8 23. Rfc1 Bd7 24. g4 b6 25. Rc7 Kf8 26. Kg2 Ke8 27. Kg3 Kd8 28. Rxc8+ Rxc8 29. Rxc8+ Bxc8 30. h4 Ke7 31. h5 Bd7 32.
Kf4 Bb5 33. Nd2 Bd3 34. Ke3 Bb5 35. Nb1 Be8 36. Nc3 Kd8 37. Kf4 Ke7 38. Kg3 Kd8 39. Kh4 Ke7 40. f4 f6 41. Kg3 Bc6 42. Kf2 Be8 43. Kf3 Bd7 44. Ne2 Bb5 45. Nc3 Be8 46.
Kg3 Bd7 47. Kh4 Be8 48. Nd1 b5 49. a3 Bd7 50. b4 axb4 51. axb4 Be8 52. Ne3 Bf7 53.
Kg3 Be8 54. f5 fxe5 55. dxe5 d4 56. Nc2 exf5 57. gxf5 Bxh5 58. Nxd4 Be8 59. Kf4 Kd7 60. Nxb5 Kc6 61. Nc3 Bf7 62. e6 Be8 63. Ke5 Kc7 64. Nd5+ Kc6 65. f6 gxf6+ 66. Nxf6 Bg6 67. Nd5 Kb5 68. Kd6 Kc4 69. e7 Bh5 70. Nf4 Bf7 71.
Nd5 h5 72. Nf4 h4 73. Nh3 Kxb4 74. Ke5 Bg6 75. Nf4 Be8 76. Nd5+ Kb5 77. Nc7+ Kc6 78. Nxe8 Kd7 79. Nd6 Kxe7 80. Nf5+ Kf8 81. Nxh4 1/2-1/2

[Event "Late-Titled-Tuesday-Blitz-September-12-2023"]
[Site "Chess.com"]
[Date "2023.09.12"]
[Round "1"]
[White "diamonds13"]
[Black "SRob2003"]
[Result "1-0"]
[WhiteElo "2357"]
[BlackElo "2627"]
[TimeControl "180+1"]
[EndTime "14:08:51 PDT"]
[Termination "diamonds13 won by checkmate"]

1. d4 Nf6 2. c4 e6 3. Nc3 Bb4 4. e3 O-O 5. Bd3 d5 6. Nf3 dxc4 7. Bxc4 c5 8. a3 Bxc3+ 9. bxc3 Qc7 10. Ba2 b5 11. h3 Bb7 12. O-O Ne4 13. Bb2 c4 14.
a4 a6 15. Nd2 Nxd2 16. Qxd2 Nd7 17. f3 f5 18. Ba3 Rfe8 19. Rae1 Nf6 20. Bb1 Rad8 21.
g4 Qg3+ 22. Qg2 Qxg2+ 23. Kxg2 fxg4 24. hxg4 Nxg4 25. Kg3 Nh6 26. e4 e5 27. d5 Nf7 28.
axb5 axb5 29. Bb4 Ra8 30. Rf2 Bc8 31. Rb2 Bd7 32. Ree2 g5 33. Ra2 h5 34. Kh2 Kg7 35. Rg2 Kf6 36. Raf2 Nh8 37. Rg1 Ng6 38. Rfg2 Nh4 39.
Rg3 g4 40. fxg4 hxg4 41. Rf1+ Nf3+ 42. Rgxf3+ gxf3 43.
Rxf3+ Kg5 44. Rg3+ Bg4 45. Bc2 Rh8+ 46. Kg1 Ra1+ 47. Kf2 Ra2 48. d6 Rxc2+ 49. Kg1 Rc1+ 50. Kg2 Rc2+ 51. Kg1 Kf4 52. Rg2 Rxg2+ 53. Kxg2 Bf3+ 54. Kf2 Rh2+ 55. Ke1 Re2+ 56. Kf1 Ke3 57. Bc5+ Kf4 58. d7 Rd2 59. Bd4 exd4 60. d8=Q Ke3 61. Qg5+ Kd3 62. e5 dxc3 63. Qd8+ Ke3 64. Qg5+ Ke4 65. e6 Re2 66. Qg6+ Kd4 67. Qf6+ Ke3 68. Qe5+ Kd2 69. Qf4+ Kd1 70. Qxf3 c2 71. Qxe2+ Kc1 72. e7 Kb1 73. Qxc2+ Kxc2 74. e8=Q b4 75. Ke2 b3 76. Qe4+ Kc1 77. Qd4 b2 78.
Qxc4+ Kb1 79. Kd2 Ka1 80. Qa4+ Kb1 81. Kc3 Kc1 82. Qc2# 1-0

[Event "Late-Titled-Tuesday-Blitz-September-12-2023"]
[Site "Chess.com"]
[Date "2023.09.12"]
[Round "1"]
[White "F-Ghaith2021"]
[Black "Airquake"]
[Result "1-0"]
[WhiteElo "2360"]
[BlackElo "2623"]
[TimeControl "180+1"]
[EndTime "14:08:51 PDT"]
[Termination "F-Ghaith2021 won on time"]

1. e4 c5 2. Nf3 d6 3. d4 cxd4 4. Nxd4 Nf6 5. Nc3 a6 6. Bg5 e6 7.
f4 Qb6 8. Qd2 Qxb2 9. Rb1 Qa3 10. f5 Nc6 11. Nxc6 bxc6 12. fxe6 Bxe6 13. Bd3 Be7 14. Rb7 Bd8 15. O-O Ba5 16. Rxf6 Bxc3 17. Rxe6+ fxe6 18. Re7+ Kd8 19. Qf2 Kc8 20. Qf7 Qb4 21.
Qxe6+ Kb8 22. Bf4 Bd4+ 23. Kf1 Rf8 24. Re8+ Rxe8 25. Qxe8+ Kb7 26. Qd7+ Kb6 27. Bxd6 Qb1+ 28. Ke2 Ka5 29. Qf5+ Ka4 30. Qd7 Qb6 31. Qe6 Rd8 32.
Qc4+ Ka5 33. a3 Rxd6 34. c3 Bc5 35. e5 Rd5 36. Kf3 Rxe5 37. Kf4 Rd5 38. Kf3 Rxd3+ 39. Qxd3 Qb5 40. c4 Qa4 41. Qc3+ Kb6 42. Qb2+ Kc7 43. Qxg7+ Kb8 44. Qg8+ Kb7 45. Qxh7+ Kc8 46. Qf5+ Kc7 47. Qxc5 Qb3+ 48. Kf4 Qd1 49. h4 Qf1+ 50. Kg3 Qd3+ 51.
Kg4 Qe4+ 52. Kg5 Qxg2+ 53. Kh6 Qd2+ 54. Kh7 Qf4 55. h5 Qf7+ 56. Kh6 Qf6+ 57. Kh7 Qf7+ 58.
Kh8 Qe8+ 59. Kg7 Qd7+ 60. Kf6 Qh3 61. Qe5+ Kb6 62. Qd4+ Kb7 63. Kg6 Qg2+ 64. Kf5 Qf3+ 65. Kg5 Qg2+ 66. Qg4 Qd2+ 67. Kg6 Qc2+ 68. Kg7 Qc3+ 69.
Kg8 Qxa3 70. h6 Qe7 71. h7 Qe8+ 72. Kg7 Qe7+ 73. Kh6 Qf6+ 74. Qg6 Qh4+ 75. Kg7 Qd4+ 76. Qf6 Qg4+ 77. Kf8 Qc8+ 78. Kf7 Qd7+ 79. Qe7 Qxe7+ 80. Kxe7 1-0

[Event "Late-Titled-Tuesday-Blitz-September-12-2023"]
[Site "Chess.com"]
[Date "2023.09.12"]
[Round "1"]
[White "micke12a"]
[Black "chess94cu"]
[Result "1-0"]
[WhiteElo "2379"]
[BlackElo "2672"]
[TimeControl "180+1"]
[EndTime "14:08:52 PDT"]
[Termination "micke12a won by resignation"]

1. e4 d6 2. d4 Nd7 3. Nc3 Ngf6 4. Nf3 e5 5. Bc4 Be7 6. O-O O-O 7. Re1 c6 8. a4 a5 9. h3 h6 10. Be3 Re8 11. Qd2 Bf8 12. Rad1 Qc7 13. dxe5 Nxe5 14. Nxe5 dxe5 15. f3 Be6 16. Bxe6 Rxe6 17. Qf2 Bb4 18.
Rd3 Nh5 19. Red1 Nf4 20. Rd7 Qc8 21. Bxf4 exf4 22. Qh4 g5 23. Qh5 Rg6 24. Qg4 Rb8 25.
Qf5 Qe8 26. Na2 Qe6 27. Nxb4 axb4 28. Rd8+ Rxd8 29. Rxd8+ Kh7 30. Qc5 Qf6 31. Qf8 Qg7 32.
Qxb4 b5 33. a5 c5 34. Qxb5 Qe5 35. Qe8 Qxe8 36. Rxe8 Ra6 37. Re5 Rxa5 38. Rf5 Kg6 39. Kh2 Rb5 40. b3 f6 41. h4 Kg7 42. hxg5 hxg5 43. Rd5 Kg6 44. Kh3 Kh5 45. g3 fxg3 46.
Kxg3 Kg6 47. Kg4 Ra5 48. b4 Rb5 49. bxc5 Rb2 50. Rd2 Rb5 51. Rd5 Rb2 52. Rd6 Rxc2 53. e5 Rxc5 54. Rxf6+ Kg7 55. Rf5 Rc3 56. Kxg5 Rc1 57.
Rf4 Re1 58. Re4 Rg1+ 59. Kf5 Kf7 60. f4 Ra1 61. Rb4 Ra7 62. Rb6 Rc7 63. Rf6+ Ke7 64. Rh6 Rc5 65. Rh7+ Kf8 66. Kf6 Kg8 67. Ra7 Rc4 68. f5 Rc8 69. e6 Rf8+ 70. Kg6 Rb8 71. f6 Rc8 72. Rg7+ Kh8 73. Rh7+ Kg8 74. f7+ Kf8 75. Rh8+ Ke7 1-0

[Event "Late-Titled-Tuesday-Blitz-September-12-2023"]
[Site "Chess.com"]
[Date "2023.09.12"]
[Round "1"]
[White "Dewarfd"]
[Black "guillembaches"]
[Result "0-1"]
[WhiteElo "2200"]
[BlackElo "2534"]
[TimeControl "180+1"]
[EndTime "14:08:53 PDT"]
[Termination "guillembaches won by resignation"]

1. d4 Nf6 2. e3 c5 3. dxc5 e6 4. Nf3 Bxc5 5. c4 b6 6. a3 Bb7 7.
b4 Be7 8. Bb2 d6 9. Be2 Nbd7 10.
O-O O-O 11. Qb3 a6 12. Rd1 Qc7 13. Nbd2 Rac8 14. Rac1 Qb8 15. Nd4 Ne5 16. N2f3 Ng6 17. Nd2 Rfd8 18. Bf3 Ne5 19. Bxb7 Qxb7 20. N2f3 Ned7 21.
Ne2 b5 22. Ng3 Nb6 23. cxb5 axb5 24. Nd4 Nc4 25. Ba1 d5 26. a4 bxa4 27. Qxa4 Qxb4 28.
Qa7 Ra8 29. Qc7 Bd6 30. Qc6 Rdc8 31. Qb5 Rab8 32. Qa6 Ra8 33. Qb5 Rcb8 34. Qxb4 Rxb4 35. Nc6 Rba4 36. Bxf6 gxf6 37. e4 dxe4 38. Nxe4 Be5 39.
Nxe5 fxe5 40. Nf6+ Kg7 41. Nd7 R8a5 42. Re1 Rd5 43.
Rxc4 Rxc4 44. Nb6 Rcc5 45. Nxd5 exd5 46. g4 d4 47. h3 Kf6 48. Kg2 Rc3 49. f3 Ke6 50. f4 f6 51. g5 Re3 52. Rxe3 dxe3 53.
gxf6 exf4 54. Kf3 Kxf6 55. h4 h5 56. Kxf4 e2 57. Kg3 e1=Q+ 58. Kh3 Qe3+ 59. Kg2 Qa3 60. Kh2 Ke7 61. Kg2 Kf8 62. Kh2 Kg7 63. Kg2 Kg6 64.
Kh2 Kf5 65. Kg2 Kg4 66. Kf2 Kxh4 67. Kg2 Kg5 68. Kf2 h4 69. Kg2 h3+ 70. Kh2 Kg4 71.
Kg1 Qa2 0-1

[Event "Late-Titled-Tuesday-Blitz-September-12-2023"]
[Site "Chess.com"]
[Date "2023.09.12"]
[Round "1"]
[White "LoaySameer"]
[Black "IMSlavin"]
[Result "0-1"]
[WhiteElo "2517"]
[BlackElo "2215"]
[TimeControl "180+1"]
[EndTime "14:09:05 PDT"]
[Termination "IMSlavin won by resignation"]

1. Nf3 Nc6 2. d4 d6 3. g3 Nf6 4. Bg2 Bg4 5. O-O e5 6. d5 Ne7 7. c4 Qc8 8. Nc3 Bh3 9. e4 Bxg2 10. Kxg2 Ng6 11. Rb1 Be7 12. b4 O-O 13. h3 h6 14.
Be3 Nh7 15. c5 f5 16. exf5 Qxf5 17. Nd2 Bg5 18. Nde4 Bxe3 19. fxe3 Qd7 20. Qg4 Qxg4 21. hxg4 Rxf1 22. Rxf1 Rd8 23. cxd6 cxd6 24. Nb5 Ne7 25. Rd1 Nc8 26. Nc7 Rd7 27. Ne6 Nb6 28. Nc3 Nf8 29.
a4 a6 30. e4 Nc4 31. Nxf8 Kxf8 32. Kf3 Rc7 33. Ke2 Nb2 34. Rf1+ Ke7 35. Kd2 Nc4+ 36. Kd3 Nb2+ 37. Kd2 Nc4+ 38. Ke2 Nb6 39. Rf3 Rc4 40. b5 Nxa4 41. Nxa4 Rxe4+ 42. Kf2 Rxa4 43. bxa6 bxa6 44. Rb3 Rxg4 45. Rb7+ Ke8 46. Rb6 Kd7 47. Rb7+ Kc8 48.
Rb6 Kc7 49. Rc6+ Kd7 50. Rxa6 Rd4 51. Ra7+ Ke8 52. Rxg7 Rxd5 53. Rg6 Rd4 54. Rxh6 Kd7 55.
Rf6 Rg4 56. Kf3 Rg7 57. g4 Kc6 58. Rf5 Kc5 59. g5 Kd4 60. Kg4 e4 61. Rf8 e3 62.
Re8 d5 63. Kf5 Kd3 64. Kf6 Rd7 65. g6 e2 66. Re5 d4 67. Kf5 Kd2 68. Kf6 d3 69. g7 Rxg7 70. Kxg7 e1=Q 71. Rxe1 Kxe1 72. Kf6 d2 73. Kf5 d1=Q 74. Ke4 Qa4+ 75. Kf5 Qd4 76. Ke6 Ke2 77. Kf7 Qb6 0-1

[Event "Late-Titled-Tuesday-Blitz-September-12-2023"]
[Site "Chess.com"]
[Date "2023.09.12"]
[Round "1"]
[White "Tonychess32"]
[Black "AungTZ"]
[Result "0-1"]
[WhiteElo "2506"]
[BlackElo "2063"]
[TimeControl "180+1"]
[EndTime "14:09:06 PDT"]
[Termination "AungTZ won on time"]

1. e4 c5 2. Nf3 Nc6 3. c3 Nf6 4.
e5 Nd5 5. d4 cxd4 6. cxd4 d6 7.
exd6 e6 8. Bd3 Bxd6 9. O-O O-O 10. Nc3 h6 11. Qe2 Nf6 12. Ne4 Be7 13. Nxf6+ Bxf6 14. Qe4 g6 15. Bxh6 Re8 16. Be3 Nb4 17. Bb5 Re7 18.
Rfd1 Nd5 19. Bh6 Bd7 20. Bxd7 Rxd7 21. Ne5 Rc7 22. Re1 Kh7 23. Be3 Rac8 24. Qf3 Bxe5 25.
dxe5 Nxe3 26. Qxe3 b6 27. Rad1 Qe7 28. Re2 Kg7 29.
g3 Rc2 30. Rde1 Rxe2 31. Qxe2 Qb4 32. h4 Qc4 33. Qxc4 Rxc4 34. Re2 Kh6 35. Kg2 Kh5 36. Rd2 Rc7 37. f3 Kh6 38. Kh3 Kh5 39. g4+ Kh6 40. Kg3 Kg7 41. Kf4 Rc4+ 42. Kg5 Rc7 43. f4 Rb7 44.
Rh2 Rd7 45. Rf2 Rd5 46. h5 f6+ 47. Kh4 fxe5 48. fxe5 Rxe5 49. g5 gxh5 50. Kxh5 Re1 51. Rf6 e5 52. Rg6+ Kf7 53. Rf6+ Ke7 54. Kg6 Rg1 55.
Rf7+ Ke6 56. Rf8 e4 57. Re8+ Kd5 58. Rd8+ Ke5 59. Re8+ Kf4 60. Kf6 Rxg5 61. Rxe4+ Kxe4 62. Kxg5 Kd3 63. Kf6 Kc2 64. b4 Kb2 65. Ke5 Kxa2 66. b5 Kb3 67. Kd5 Kb4 68. Kc6 Ka5 0-1

[Event "Late-Titled-Tuesday-Blitz-September-12-2023"]
[Site "Chess.com"]
[Date "2023.09.12"]
[Round "1"]
[White "Francisco_Ferrari"]
[Black "arminmusovic"]
[Result "0-1"]
[WhiteElo "2219"]
[BlackElo "2539"]
[TimeControl "180+1"]
[EndTime "14:09:19 PDT"]
[Termination "arminmusovic won on time"]

1. e4 c6 2. d4 d5 3. exd5 cxd5 4. Bd3 Nc6 5. c3 g6 6. Nf3 a6 7. O-O Bg7 8. Re1 Nf6 9. Ne5 O-O 10. h3 Nd7 11. f4 f6 12. Nxg6 hxg6 13. Bxg6 f5 14.
Nd2 Rf6 15. Bh5 Nf8 16. Nf3 Bd7 17. Ne5 Be8 18. Bf3 e6 19. Nd3 Qc7 20. Be3 Rh6 21.
Bf2 Bf7 22. Qd2 Ng6 23. Nc5 Re8 24. Bg3 Bf6 25. Qf2 Bh4 26. Bxh4 Nxh4 27. Be2 Kh7 28. Bd3 Rg8 29. Bf1 Qe7 30. Kh1 Ng6 31. Bd3 Qh4 32. Qxh4 Nxh4 33. Re2 Kg7 34. Rae1 Nd8 35. g3 Ng6 36.
Kg2 Kf6 37. Kh2 Rgh8 38. h4 Nxh4 39. gxh4 Rxh4+ 40. Kg3 Rg4+ 41. Kf2 Rxf4+ 42. Ke3 Rhh4 43. Kd2 Bh5 44. Re3 Rf2+ 45. Kc1 Bf7 46. Nd7+ Ke7 47.
Ne5 Rhh2 48. Bxf5 Rxb2 49. Bb1 Bg8 50. Rg1 Bh7 51. Rg7+ Kf6 52. Rxh7 Rxb1+ 53. Kxb1 Rxh7 54. Rf3+ Ke7 55. Ng6+ Kd7 56. Ne5+ Kc7 57. Rf6 Rg7 58. Kc2 Kd6 59. Kb3 Ke7 60. Rf4 Nc6 61. Nxc6+ bxc6 62. Kb4 Kd6 63. Rf6 Rb7+ 64. Ka3 Rb5 65. Rf8 c5 66. Rd8+ Ke7 67. Rc8 Ra5+ 68. Kb3 c4+ 69. Kb2 Kd7 70. Rb8 Kc7 71. Re8 Rb5+ 72. Kc2 Rb6 73. Rh8 Kd7 74. Rh7+ Kd6 75. Rh6 a5 76.
Rh7 Ra6 77. Rh5 a4 78. Re5 a3 79. Re1 Rb6 80. Rb1 Rxb1 81. Kxb1 e5 82. Kc2 e4 83.
Kd2 Ke6 84. Ke3 Kf5 85. Ke2 Kf4 86. Kf2 e3+ 87. Ke2 Ke4 88. Kd1 Kd3 89. Ke1 Kxc3 90.
Ke2 Kxd4 91. Kf1 Ke4 92. Ke2 d4 93. Ke1 d3 94. Kd1 Kd4 0-1

[Event "Late-Titled-Tuesday-Blitz-September-12-2023"]
[Site "Chess.com"]
[Date "2023.09.12"]
[Round "1"]
[White "AlejandroBalde"]
[Black "Manukyan_Artak"]
[Result "0-1"]
[WhiteElo "1980"]
[BlackElo "2515"]
[TimeControl "180+1"]
[EndTime "14:09:21 PDT"]
[Termination "Manukyan_Artak won by resignation"]

1. e4 c6 2. d4 d5 3. exd5 cxd5 4. c4 Nf6 5. Nc3 g6 6. Nf3 Bg7 7. cxd5 O-O 8. Bc4 Nbd7 9. O-O Nb6 10.
Bb3 Nbxd5 11. Bg5 Be6 12. Re1 h6 13. Bh4 Nxc3 14. bxc3 Bxb3 15. Qxb3 Qd7 16. Bxf6 exf6 17. Rab1 b6 18. c4 f5 19. d5 Rfe8 20. Qb4 Re4 21. Nd2 Rd4 22. Nb3 Rg4 23. Rbd1 Rc8 24. Qe7 Qxe7 25.
Rxe7 Rgxc4 26. d6 Rd8 27. d7 Bf6 28. Re8+ Kg7 29. h3 Rc7 30. Rxd8 Bxd8 31. Rd6 Kf8 32. Nd4 a6 33. Nc6 Rxc6 34. Rxc6 Ke7 35. Rc1 Kxd7 36. Rd1+ Ke7 37. f4 Bc7 38. g3 h5 39. Kf2 h4 40. Kf3 hxg3 41. Kxg3 g5 42. Kf3 Bxf4 43. Rb1 Bc7 44. Rc1 Bd6 45. Rc6 Bc5 46.
Rc7+ Kf6 47. Rc6+ Kg7 48. Rc7 Kg6 49. Rc6+ f6 50. a4 a5 51. Rc8 Kf7 52. Rc7+ Ke6 53. Rc6+ Ke5 54. Rc8 Bd4 55. Rc6 Kd5 56. Rc8 Bc5 57. Rc7 Kc4 58. Rf7 Bd4 59. Rc7+ Kb4 60. Rd7 Bc5 61. Rf7 Bd4 62. Rd7 Be5 63. Rb7 Kc5 64.
Rf7 Kc6 65. Rf8 Kd5 66. Rd8+ Kc4 67. Rc8+ Kb4 68. Rc6 Bd4 69. Rd6 Kc5 70. Rd8 Be5 71. Rc8+ Kb4 72. Re8 Kxa4 73. Re6 b5 74. Ke3 b4 75.
Kd2 Kb3 76. Ra6 a4 77. Kc1 a3 78. Kb1 Bd4 79. Rd6 Kc4 80. Rc6+ Kb5 81. Rc1 f4 82. Rf1 Be3 83. h4 gxh4 84. Kc2 Kc4 85. Rh1 b3+ 86. Kb1 Bd4 87. Rxh4 a2+ 0-1

[Event "Late-Titled-Tuesday-Blitz-September-12-2023"]
[Site "Chess.com"]
[Date "2023.09.12"]
[Round "1"]
[White "C_K_G"]
[Black "Sjakkerntobi"]
[Result "0-1"]
[WhiteElo "2033"]
[BlackElo "2521"]
[TimeControl "180+1"]
[EndTime "14:09:35 PDT"]
[Termination "Sjakkerntobi won on time"]

1. e4 e6 2. Nf3 d5 3. Nc3 d4 4.
Ne2 c5 5. c3 Nf6 6. e5 Nfd7 7.
cxd4 cxd4 8. Nexd4 Nxe5 9. Nxe5 Qxd4 10. Bb5+ Nd7 11. Qe2 Bc5 12. O-O O-O 13. Nxd7 Bxd7 14. Bxd7 Qxd7 15. d3 Rfd8 16. Rd1 Rac8 17. Be3 Bd4 18.
Bxd4 Qxd4 19. g3 h6 20. a3 Rc6 21. Rd2 Rdc8 22. Rad1 Rc1 23. Kg2 Qd5+ 24. Qf3 Qxf3+ 25. Kxf3 Rxd1 26. Rxd1 Rc2 27. Rb1 Kf8 28. Ke3 Ke7 29. h4 Kd6 30. d4 Kd5 31. f3 a6 32. h5 Rg2 33. g4 Rc2 34. Kd3 Rc4 35. Ke3 Rxd4 36. Rc1 Rc4 37. Rd1+ Kc6 38. Rd8 Rc2 39. Rf8 Rxb2 40. Rxf7 Rb3+ 41. Kf4 Rxa3 42. Rxg7 b5 43.
Rg6 Kd5 44. Rxh6 b4 45. Rh8 b3 46. Rb8 a5 47. h6 Ra4+ 48. Kg3 Rb4 49. Rd8+ Kc4 50. h7 b2 51. h8=Q b1=Q 52. Rc8+ Kb3 53. Qc3+ Ka4 54. Qc6+ Ka3 55. Qc3+ Qb3 56. g5 Qxc3 57.
Rxc3+ Kb2 58. Re3 Rb6 59. g6 e5 60. Rxe5 Rxg6+ 61. Kf4 a4 62. Kf5 Ra6 63. Re2+ Kb3 64. f4 a3 65. Kg5 Ra5+ 66. f5 a2 67. Rxa2 Rxa2 68. f6 Rf2 69. Kg6 Kc4 70. f7 Kd5 71. Kg7 Rg2+ 72. Kh7 Rh2+ 73. Kg7 Rg2+ 74. Kh7 Rf2 75.
Kg7 Ke6 76. f8=Q Rg2+ 77. Kh7 Rh2+ 78. Kg6 Rg2+ 79. Kh5 Rh2+ 80. Kg4 Rg2+ 81. Kf3 Rg6 82. Qc8+ Kf7 83. Kf4 Rf6+ 84. Ke5 Kg7 85. Qc4 Rg6 86. Qd4 Kh6 87. Kf5 Rg5+ 88. Kf6 Rg6+ 89. Kf7 Kh5 0-1

[Event "Late-Titled-Tuesday-Blitz-September-12-2023"]
[Site "Chess.com"]
[Date "2023.09.12"]
[Round "1"]
[White "RETURNOFTHELAGGER"]
[Black "drdaro"]
[Result "1-0"]
[WhiteElo "2566"]
[BlackElo "2254"]
[TimeControl "180+1"]
[EndTime "14:09:37 PDT"]
[Termination "RETURNOFTHELAGGER won on time"]

1. d4 d5 2. Nf3 Nf6 3. g3 g6 4. Bg2 Bg7 5. O-O O-O 6. c4 c6 7. b3 a5 8. Bb2 Bf5 9. Nc3 Ne4 10. Nh4 Nxc3 11. Bxc3 Be6 12. c5 b6 13. cxb6 Qxb6 14. Rc1 a4 15. bxa4 Qa6 16. a5 c5 17. dxc5 Bxc3 18. Rxc3 Qxa5 19. Rc2 Nc6 20. Nf3 Nb4 21. Rd2 Nxa2 22. Nd4 Nc3 23. Qc1 Qxc5 24. Nxe6 fxe6 25. e3 Rfc8 26. Qe1 Qc4 27. h4 Rab8 28. Rc2 Qd3 29. Rd2 Qf5 30. Kh2 Rb1 31. Bh3 Qe5 32. Qxb1 Nxb1 33.
Rxb1 Kf7 34. Rb6 Rd8 35. Rxe6 Qc3 36. Rd4 Qc7 37. h5 Rd6 38. hxg6+ hxg6 39. Rf4+ Kg7 40. Re5 Rf6 41. Rxd5 Rxf4 42. exf4 Qc2 43. Kg1 Qc1+ 44. Bf1 Qc6 45. Re5 Kf6 46. Be2 Qd6 47. Bf3 Qd2 48. Kg2 Qd6 49. Bg4 Kf7 50. Be6+ Kg7 51. Bh3 Qc6+ 52. Kh2 Qc2 53. Kg1 Qd1+ 54. Bf1 Qd6 55.
Bc4 Qd1+ 56. Kg2 Qd6 57. Bd5 Qb4 58. Bf3 Qd6 59. Rd5 Qf6 60. Bg4 Qc3 61. Re5 Qb4 62.
f3 Qb2+ 63. Kh3 Qb4 64. Kh4 Qd6 65. Re6 Qc5 66. Re5 Qa3 67. f5 Kh6 68. fxg6 Qc1 69. Rh5+ Kxg6 70. Bf5+ Kf6 71. Bh3 Qc4+ 72. f4 Qc1 73.
Rf5+ Kg7 74. Re5 Qa3 75. Bg4 Qb4 76. Bf3 Qd6 77. Rg5+ Kf8 78. Rd5 Qh6+ 79. Bh5 Qf6+ 80. Rg5 Qc3 81. Kg4 Qf6 82. Rf5 1-0

[Event "Late-Titled-Tuesday-Blitz-September-12-2023"]
[Site "Chess.com"]
[Date "2023.09.12"]
[Round "1"]
[White "Ykow"]
[Black "FabianoCaruana"]
[Result "1/2-1/2"]
[WhiteElo "2508"]
[BlackElo "3051"]
[TimeControl "180+1"]
[EndTime "14:09:57 PDT"]
[Termination "Game drawn by repetition"]

1. e4 c6 2. Nf3 d5 3. d3 g6 4. Nbd2 Bg7 5. g3 Nf6 6. Bg2 O-O 7. O-O dxe4 8. dxe4 Qc7 9. c3 e5 10. Qc2 h6 11.
Rd1 Be6 12. h3 Nbd7 13. Nb3 a5 14. a4 Nxe4 15. Nxe5 Nxe5 16. Bxe4 Bxh3 17. Bf4 Rfe8 18. Nc5 Qe7 19. Nd3 Bg4 20. Re1 Nxd3 21. Bxd3 Qxe1+ 22. Rxe1 Rxe1+ 23. Kg2 Rae8 24. Bc4 Be6 25. Bxe6 R8xe6 26. Qb3 g5 27. Be3 Re7 28. Qb6 Rd7 29. Qxa5 Rdd1 30. Qf5 Rd8 31. a5 Re2 32. Bb6 Rde8 33. Qd7 R2e7 34. Qd3 Bf8 35. b4 Re6 36. Qf5 Bg7 37. Qd3 Be5 38. c4 Rd6 39. Qe4 Ree6 40. Qf5 Bd4 41. Bxd4 Rxd4 42. b5 cxb5 43. cxb5 Ra4 44.
Qd5 Kg7 45. b6 Rf6 46. Qxb7 Rxa5 47. Qc7 Rb5 48. b7 Rfb6 49. Qc3+ Kg8 50. Qc8+ Kh7 51.
Qc2+ Kg7 52. Qc3+ Kg6 53. g4 Rxb7 54. Qd3+ Kg7 55. Qd4+ f6 56. Qd6 R5b6 57. Qd5 Rb4 58. f3 R4b5 59. Qd4 Rb2+ 60. Kg3 R2b4 61. Qd5 Re7 62.
Qd6 Rbb7 63. Qd5 Rbd7 64. Qc6 Rd3 65. Qa8 Rd2 66. Qc6 Rde2 67. Qc5 R2e5 68. Qd4 Rf7 69. Qc4 Rfe7 70. Qd4 R5e6 71. Qc4 Rd6 72. Qc3 Red7 73. Qc4 Rd4 74. Qe6 Rf7 75. Qe3 Rf4 76. Qd3 Rf8 77. Qd7+ Rf7 78. Qd3 Re7 79. Qd6 Ra7 80. Qc5 Rfa4 81.
Qd6 h5 82. gxh5 Rh4 83. Qc5 Rf7 84. Qf5 Rxh5 85. Kg4 Rh4+ 86. Kg3 Rf4 87. Qe6 Rc7 88. Qd6 Rfc4 89. Qe6 Rf4 90. Qd6 Rf7 91. Qe6 Rh4 92. Qd6 Rh8 93. Qe6 Rhf8 94. Kg4 Kg6 95. Qf5+ Kg7 96. Qe6 Rc7 97. Qd6 Rff7 98. Kf5 Rfd7 99. Qxf6+ Kg8 100. Qxg5+ Rg7 101. Qd8+ Kh7 102. Qh4+ Kg8 103. Qd8+ Kh7 104. Qh4+ Kg8 105. Qd8+ 1/2-1/2

[Event "Late-Titled-Tuesday-Blitz-September-12-2023"]
[Site "Chess.com"]
[Date "2023.09.12"]
[Round "2"]
[White "Roedor"]
[Black "MikeKorovin"]
[Result "1-0"]
[WhiteElo "2418"]
[BlackElo "2632"]
[TimeControl "180+1"]
[EndTime "14:12:08 PDT"]
[Termination "Roedor won by resignation"]

1. d4 e6 2. c4 Nf6 3. g3 Bb4+ 4. Nc3 Qe7 5. Bg2 O-O 6. Nf3 d6 7. O-O Bxc3 8. bxc3 e5 9. c5 Nc6 10. cxd6 cxd6 11.
Ba3 Rd8 12. dxe5 Nxe5 13. Nxe5 Qxe5 14. Qd4 Qxd4 15. cxd4 b6 16. Bxa8 1-0

[Event "Late-Titled-Tuesday-Blitz-September-12-2023"]
[Site "Chess.com"]
[Date "2023.09.12"]
[Round "2"]
[White "Michalczak"]
[Black "expii"]
[Result "1-0"]
[WhiteElo "2496"]
[BlackElo "2256"]
[TimeControl "180+1"]
[EndTime "14:12:42 PDT"]
[Termination "Michalczak won by resignation"]

1. e4 c5 2. c3 Nf6 3. e5 Nd5 4. Nf3 Nc6 5. d4 e6 6. c4 Nb6 7.
d5 Nb8 8. Nc3 d6 9. Bg5 Be7 10.
Bxe7 Qxe7 11. exd6 Qxd6 12. Nb5 Qe7 13. d6 1-0

[Event "Late-Titled-Tuesday-Blitz-September-12-2023"]
[Site "Chess.com"]
[Date "2023.09.12"]
[Round "2"]
[White "ameetghasi100"]
[Black "Tunahan_Makaraci"]
[Result "1-0"]
[WhiteElo "2682"]
[BlackElo "2304"]
[TimeControl "180+1"]
[EndTime "14:12:44 PDT"]
[Termination "ameetghasi100 won by resignation"]

1. d4 d5 2. Nf3 c5 3. e3 Nf6 4. Bd3 Nc6 5. O-O Bg4 6. c3 e6 7.
Nbd2 Bd6 8. h3 Bh5 9. e4 dxe4 10. Nxe4 Nxe4 11. Bxe4 cxd4 12. cxd4 O-O 13. Be3 Nb4 14. Bxb7 Rb8 15. Be4 Nd5 16. Bxd5 exd5 17. b3 f5 18. Rc1 Rf6 19. Bg5 Be7 20. Bxf6 Bxf6 21. Qd3 1-0